 Dungeon Crawl Stone Soup version 0.27.1-34-g3ba077fa99 (webtiles) character file.

Game seed: 1745862244158153514

140 safid the Chopper (level 5, -2/46 HPs)
             Began as a Hill Orc Fighter on Jan 11, 2022.
             Slain by Grinder (7 damage)
             ... while paralysed by Grinder
             ... on level 3 of the Dungeon.
             The game lasted 00:04:12 (2154 turns).

safid the Chopper (Hill Orc Fighter)                Turns: 2154, Time: 00:04:12

Health: -2/46      AC:  7    Str: 20    XL:     5   Next: 23%
Magic:  5/5        EV:  2    Int:  8    God:
Gold:   166        SH:  0    Dex: 10    Spells: 4/4 levels left

rFire    + . .     SeeInvis .   a - +0 war axe
rCold    + . .     Faith    .   c - +0 kite shield
rNeg     . . .     Spirit   .   b - +0 scale mail
rPois    .         Reflect  .   (no helmet)
rElec    .         Harm     .   g - scarf {rC+ rF+}
rCorr    .         Rampage  .   (no gloves)
Will     .....                  (no boots)
Stlth    ..........             (no amulet)
HPRegen  0.15/turn              (no ring)
MPRegen  0.09/turn              (no ring)

@: paralysed, on berserk cooldown, slowed
A: no striking features
a: no special abilities


You were on level 3 of the Dungeon.
You visited 1 branch of the dungeon, and saw 3 of its levels.

You collected 166 gold pieces.

Inventory:

Hand Weapons
 a - a +0 war axe (weapon)
Armour
 b - a +0 scale mail (worn)
 c - a +0 kite shield (worn)
 g - a scarf of resistance (worn)
Scrolls
 e - 2 scrolls of fog {unknown}
 k - a scroll of fear {unknown}
 n - 4 scrolls of identify {unknown}
 o - a scroll of teleportation {unknown}
Potions
 d - a potion of might
 i - a potion of heal wounds {unknown}
 j - a potion of attraction {unknown}
 p - a potion of lignification {unknown}


   Skills:
 - Level 4.0 Fighting
 + Level 4.7 Axes
 - Level 4.0 Armour
 + Level 4.6 Shields


You had 4 spell levels left.
You didn't know any spells.
Your spell library contained the following spells:

 Spells                   Type           Power      Damage    Failure   Level
 Sublimation of Blood     Necr           0%         N/A       100%        2
 Wereblood                Tmut           0%         N/A       100%        2
 Summon Hydra             Summ           0%         N/A       100%        7


Dungeon Overview and Level Annotations

Branches:
Dungeon (3/15)

Altars:
Hepliaklqana

Annotations:
D:3 Grinder


Message History

You closely miss Grinder.
Grinder is heavily wounded.
Grinder hits you.
* * * LOW HITPOINT WARNING * * *
You writhe in agony.
* * * LOW HITPOINT WARNING * * *
Grinder blinks!
You feel better. Grinder gestures at you. Pain shoots through your body!
It was a potion of berserk rage.
A red film seems to cover your vision as you go berserk!
You feel yourself moving faster!
You feel mighty!
Unknown command.
You feel a strong urge to attack something.
Grinder hits you.
You writhe in agony.
* * * LOW HITPOINT WARNING * * *
You slash Grinder!
Grinder is severely wounded.
Grinder gestures at you. Pain shoots through your body!
* * * LOW HITPOINT WARNING * * *
Unknown command.
You barely miss Grinder.
Grinder is severely wounded.
Grinder blinks!
Unknown command.
Grinder gestures at you.
You barely resist.
You feel a strong urge to attack something.
You are no longer berserk.
You are exhausted.
You feel yourself slow down. Grinder gestures at you.
You suddenly lose the ability to move!
Grinder blinks!
Grinder drinks a potion.
Grinder is healed!
Grinder hits you.
* * * LOW HITPOINT WARNING * * *
Grinder hits you!
You die...

......<.##.# #.#
.......###)# #.#
..###.####.####.#
#.#
..............#.#
#.#
......####.##.#.#
#.# ......#
#.##.#.# #.#
....... #.##.#.#
#.# ......
###.##.#(####.#
#...(....@5...###.#
#..>(..((......(.(#
#.####.############
.. ...# #####


You could see Grinder.

Vanquished Creatures
  Natasha (thrice) (D:2)
  An adder (D:2)
  4 dart slugs
  An orc (D:3)
  4 endoplasms
  3 giant cockroaches (D:1)
  4 goblins
  5 hobgoblins
  3 jackals (D:2)
  3 quokkas
  4 ball pythons
  3 bats
  A frilled lizard (D:1)
  4 kobolds
  4 rats
47 creatures vanquished.

Notes
Turn   | Place    | Note
-------+----------+-------------------------------------------
     0 | D:1      | safid the Hill Orc Fighter began the quest for the Orb.
     0 | D:1      | Reached XP level 1. HP: 19/19 MP: 1/1
    85 | D:1      | You fall into a shaft and drop 1 floor!
   137 | D:2      | Reached XP level 2. HP: 26/27 MP: 2/2
   622 | D:1      | Reached XP level 3. HP: 33/33 MP: 3/3
   859 | D:1      | Found a faded altar of an unknown god.
  1233 | D:2      | Noticed Natasha
  1241 | D:2      | Killed Natasha
  1242 | D:2      | Reached XP level 4. HP: 32/40 MP: 4/4
  1681 | D:2      | Found a hazy altar of Hepliaklqana.
  1851 | D:2      | Noticed Natasha
  1855 | D:2      | Killed Natasha
  1971 | D:2      | Noticed Natasha
  1977 | D:2      | Killed Natasha
  1978 | D:2      | Reached XP level 5. HP: 46/46 MP: 5/5
  2099 | D:3      | Noticed Grinder
  2103 | D:3      | Paralysed by Grinder for 2 turns
  2111 | D:3      | Paralysed by Grinder for 6 turns
  2151 | D:3      | Paralysed by Grinder for 7 turns
  2154 | D:3      | Slain by Grinder

Illustrated notes

Levels and vault maps discovered:
D:1:      amcnicky_arrival_abandoned_market, layout_loops_cross,
          shapermc_ecumenical_altar_pompeii
D:2:      layout_basic, basic_altar, minmay_tall_x, uniq_natasha
D:3:      layout_loops_ring, uniq_grinder

Skill      XL: |  1  2  3  4 |
---------------+-------------+-----
Axes           | 3 4 |  4.7
Fighting       | 4 |  4.0
Armour         | 4 |  4.0
Shields        | 4 |  4.6

Action                   |  1- 3 |  4- 6 || total
-------------------------+-------+-------++-------
Melee: War axe           |    80 |    94 ||   174
Throw: Dart              |       |     6 ||     6
       Throwing net      |       |     3 ||     3
  Use: Potion            |       |     2 ||     2
 Stab: Held in net/web   |       |     1 ||     1
Armor: Scale mail        |    28 |    47 ||    75
Dodge: Dodged            |    25 |    30 ||    55
Block: Kite shield       |    34 |    51 ||    85
